 Dungeon Crawl Stone Soup version 0.19-a0-682-g708bd0e (webtiles) character file.

76 TheGoonsmith the Ruffian (level 4, -6/44 HPs)
             Began as a Troll Monk on June 17, 2016.
             Was an Initiate of Ru.
             Mangled by TheGoonsmith's ghost (16 damage)
             ... on level 3 of the Dungeon.
             The game lasted 00:02:49 (1826 turns).

TheGoonsmith the Ruffian (Troll Monk)               Turns: 1826, Time: 00:02:49

Health: -6/44      AC:  6    Str: 19    XL:     4   Next: 12%
Magic:  2/2        EV: 10    Int:  6    God:    Ru [......]
Gold:   118        SH:  0    Dex: 13    Spells: 0 memorised, 3 levels left

rFire  . . .     SeeInvis .       - Unarmed
rCold  . . .     Gourm    +     a - +0 robe
rNeg   . . .     Faith    .     (no shield)
rPois  .         Spirit   .     (helmet restricted)
rElec  .         Dismiss  .     h - +0 cloak
rCorr  .         Reflect  .     (gloves unavailable)
SustAt .         Harm     .     (boots unavailable)
MR     .....     Rnd*Tele +     (no amulet)
Stlth  ++........               f - ring of teleportation (curse)
                                e - ring of stealth

@: not resistant to hostile enchantments, unstealthy
A: unfitting armour, claws 3, fast metabolism 3, gourmand, low mp 1,
regeneration 2, shaggy fur 1, tough skin 2
a: Renounce Religion


You were on level 3 of the Dungeon.
You worshipped Ru.
Ru was noncommittal.
You were very full.

You visited 1 branch of the dungeon, and saw 3 of its levels.

You collected 118 gold pieces.

Inventory:

Armour
 a - a +0 robe (worn)
 h - a +0 cloak (worn)
Jewellery
 e - a ring of stealth (left claw)
 f - a cursed ring of teleportation (right claw)
 m - a cursed amulet of inaccuracy {unknown}
Scrolls
 i - 3 scrolls of identify
 j - a scroll of enchant weapon {unknown}
 l - a scroll of fog {unknown}
 q - a scroll of noise {unknown}
 r - a scroll of fear {unknown}
Potions
 d - a potion of brilliance
 n - a potion of agility {unknown}
 o - 2 potions of heal wounds {unknown}
 p - 2 potions of lignification {unknown}
Comestibles
 b - 2 bread rations
 c - 3 meat rations
 g - 4 fruits
 k - a slice of pizza
 s - a royal jelly


   Skills:
 - Level 2.4 Fighting
 - Level 2.4 Dodging
 - Level 1.1 Stealth
 + Level 5.0 Unarmed Combat


You had 3 spell levels left.
You didn't know any spells.

Dungeon Overview and Level Annotations

Branches:
Dungeon (3/15)

Altars:
Kikubaaqudgha
Okawaru
Ru
Uskayaw
The Shining One

Annotations:
D:3 TheGoonsmith's ghost, amateur DsGl


Innate Abilities, Weirdness & Mutations

You are too large for most types of armour.
You have claws for hands.
Your metabolism is lightning-fast.
You like to eat raw meat.
Your magical capacity is low. (-10% MP)
You heal very quickly.
You are covered in fur. (AC +1)
You have very tough skin. (AC +2)


Message History

TheGoonsmith's ghost is moderately damaged.
TheGoonsmith's ghost barely misses you.
You scratch TheGoonsmith's ghost but do no damage.
TheGoonsmith's ghost is moderately damaged.
TheGoonsmith's ghost hits you.
You scratch TheGoonsmith's ghost but do no damage.
TheGoonsmith's ghost is moderately damaged.
TheGoonsmith's ghost closely misses you.
You claw TheGoonsmith's ghost!
TheGoonsmith's ghost is heavily damaged.
TheGoonsmith's ghost hits you!
You claw TheGoonsmith's ghost!
TheGoonsmith's ghost is almost destroyed.
TheGoonsmith's ghost hits you!
* * * LOW HITPOINT WARNING * * *
The orc hits you but does no damage.
You scratch TheGoonsmith's ghost but do no damage.
TheGoonsmith's ghost is almost destroyed.
The orc misses you. TheGoonsmith's ghost hits you!
You die...

......#
....#.##..........#
.#.........#..##...#
.............##...[###
#...............(.†..#
#.................<..##
#.....................##
#.....W........##......#
#.....o@.......##..._...
.....>.........##.......
<......#..........#####.
..................#(..#.
......†.........).#(..#.
..##..............#####.
# #.....................
#.#...................
...........P###.......#


You could see TheGoonsmith's ghost and an orc.

Vanquished Creatures
  An iguana (D:3)
  2 dart slugs (D:2)
  A giant gecko (D:1)
  2 orcs
  7 giant cockroaches
  4 goblins
  6 hobgoblins
  2 jackals (D:1)
  4 kobolds
  A quokka (D:3)
  5 bats
  2 rats (D:1)
37 creatures vanquished.

Notes
Turn   | Place    | Note
--------------------------------------------------------------
     0 | D:1      | TheGoonsmith the Troll Monk began the quest for the Orb.
     0 | D:1      | Reached XP level 1. HP: 22/22 MP: 0/0
   210 | D:1      | Reached XP level 2. HP: 25/29 MP: 1/1
  1123 | D:2      | Reached skill level 4 in Unarmed Combat
  1238 | D:2      | Found an iron altar of Okawaru.
  1238 | D:2      | Found a sacrificial altar of Ru.
  1239 | D:2      | Found a glowing golden altar of the Shining One.
  1248 | D:2      | Found an ancient bone altar of Kikubaaqudgha.
  1253 | D:2      | Became a worshipper of Ru the Awakened
  1256 | D:2      | Gained mutation: Your magical capacity is low. (-10% MP) [Ru sacrifice]
  1283 | D:2      | Reached XP level 3. HP: 36/36 MP: 1/1
  1700 | D:3      | Found a hide-covered altar of Uskayaw.
  1700 | D:3      | Noticed a dagger
  1700 | D:3      | Noticed a dagger
  1773 | D:3      | Reached skill level 5 in Unarmed Combat
  1773 | D:3      | Reached XP level 4. HP: 25/44 MP: 2/2
  1813 | D:3      | Noticed TheGoonsmith's ghost (amateur DsGl)
  1826 | D:3      | Mangled by TheGoonsmith's ghost

Vault maps used:
D:1:      ncdulo_smallfort, minmay_misc_feat_five
D:2:      nicolae_overflow_quartered_altars, lemuel_another_geyser
D:3:      gammafunk_temple_overflow_forgotten, dancing_weapons_uskayaw

Skill      XL: |  1  2  3 |
---------------+----------+-----
Unarmed Combat | 4 5 |  5.0
Fighting       | |  2.4
Dodging        | |  2.4
Stealth        | |  1.1

Action                   |  1- 3 |  4- 6 || total
-------------------------+-------+-------++-------
Melee: Unarmed           |    84 |    10 ||    94
       Punch             |     2 |       ||     2
Invok: Sacrifice Essence |     1 |       ||     1
  Use: Scroll            |     1 |       ||     1
 Stab: Sleeping          |     4 |       ||     4
  Eat: Chunk             |    16 |       ||    16
       Meat ration       |     1 |       ||     1
Armor: Robe              |    36 |     1 ||    37
Dodge: Dodged            |    32 |     5 ||    37
